 Dungeon Crawl Stone Soup version 0.30-a0-758-gc2c871d025 (webtiles) character file.

Game seed: 15499989578118300136

3252 CrazyBamboolord the Skirmisher (level 10, -2/74 HPs)
             Began as a Formicid Hunter on Feb 10, 2023.
             Was a Priest of Okawaru.
             Slain by a killer bee (4 damage)
             ... on level 8 of the Dungeon.
             The game lasted 00:16:42 (7906 turns).

CrazyBamboolord the Skirmisher (Formicid Hunter)    Turns: 7906, Time: 00:16:42

Health: -2/74      AC: 10    Str: 15    XL:     10   Next: 19%
Magic:  12/12      EV: 14    Int: 10    God:    Okawaru [***...]
Gold:   274        SH:  7    Dex: 21    Spells: 9/9 levels left

rFire   . . .      SeeInvis +    y - +2 arbalest
rCold   + . .      Faith    .    A - +1 buckler
rNeg    . . .      Spirit   .    c - +0 leather armour
rPois   .          Reflect  .    (helmet unavailable)
rElec   .          Harm     .    t - scarf {shadows}
rCorr   .          Rampage  .    (no gloves)
Will    +....                    C - +2 pair of boots
Stlth   +                        (no amulet)
HPRegen 0.32/turn                e - +4 ring of protection
MPRegen 0.13/turn                s - ring of protection from cold

@: silenced
A: permanent stasis, dig shafts and tunnels, antennae 3, four strong arms
a: Dig, Shaft Self, Renounce Religion


You were on level 8 of the Dungeon.
You worshipped Okawaru.
Okawaru was most pleased with you.
You visited 2 branches of the dungeon, and saw 9 of its levels.
You also visited: Sewer.

You collected 274 gold pieces.

Inventory:

Hand Weapons
 a - a +1 shortbow
 y - a +2 arbalest (weapon)
Armour
 c - a +0 leather armour (worn)
 t - a scarf of shadows (worn)
 A - a +1 buckler (worn)
 C - a +2 pair of boots (worn)
Jewellery
 e - a +4 ring of protection (left hand)
 i - a +6 ring of intelligence
 s - a ring of protection from cold (right hand)
 u - a ring of fire
Wands
 d - a wand of acid (7)
 j - a wand of iceblast (16)
 o - a wand of flame (20)
Scrolls
 b - 3 scrolls of immolation
 f - 2 scrolls of vulnerability
Potions
 k - 5 potions of berserk rage
 m - 3 potions of degeneration
 p - 2 potions of brilliance


   Skills:
 * Level 5.5 Fighting
 * Level 11.0 Ranged Weapons
 + Level 3.5 Armour
 * Level 4.7 Dodging
 + Level 1.5 Stealth
 * Level 4.6 Shields
 * Level 3.7 Invocations


You had 9 spell levels left.
You didn't know any spells.
Your spell library contained the following spells:

 Spells                   Type           Power      Damage    Failure   Level
 Apportation              Tloc           0%         N/A       50%         1
 Magic Dart               Conj           0%         1d3       50%         1
 Necrotise                Necr           0%         1d4       50%         1
 Scorch                   Fire           0%         2d5       63%         2
 Searing Ray              Conj           0%         2d4       63%         2
 Ignite Poison            Fire/Tmut/Pois 0%         N/A       86%         3
 Flame Wave               Conj/Fire      0%         2d4       99%         4
 Fulminant Prism          Conj/Hex       0%         3d5       99%         4
 Sticky Flame             Conj/Fire      0%         2d3       99%         4
 Ignition                 Fire           0%         3d3       100%        8
 Summon Small Mammal      Summ           Unusable   N/A       N/A         1
 Summon Cactus Giant      Summ           Unusable   N/A       N/A         6

Dungeon Overview and Level Annotations

Branches:
Dungeon (8/15)             Temple (1/1) D:4           Sewer (visited)
   Lair: D:8-11

Altars:
Ashenzari
Fedhas
Gozag
Hepliaklqana
Kikubaaqudgha
Makhleb
Okawaru
Qazlal
Sif Muna
Uskayaw
Vehumet
Wu Jian
Xom
Yredelemnul
Zin
The Shining One


Innate Abilities, Weirdness & Mutations

You cannot be hasted, slowed, berserked, paralysed or teleported.
You can dig through walls and to a lower floor.
You have a pair of large antennae on your head. (SInv)
Your four strong arms can wield two-handed weapons with a shield.


Message History

Okay, then.
Fire: y) +2 arbalest
Press: ? - help, Q - select action, (/) - cycle Shift-Dir - straight line, f - killer bee
Aim: a killer bee (silenced, almost dead, 52% to hit)
You shoot a bolt. The bolt closely misses the killer bee.
The killer bee misses you. The killer bee closely misses you.
Fire: y) +2 arbalest
Press: ? - help, Q - select action, (/) - cycle Shift-Dir - straight line, f/p - killer bee
Aim: a killer bee (silenced, almost dead, 52% to hit)
You shoot a bolt. The bolt hits the killer bee!!
You kill the killer bee!
Okawaru accepts your kill. You block the killer bee's attack.
Fire: y) +2 arbalest
Press: ? - help, Q - select action, (/) - cycle Shift-Dir - straight line, f - killer bee
Aim: a killer bee (silenced, 52% to hit)
You shoot a bolt. The bolt closely misses the killer bee.
You block the killer bee's attack. The killer bee completely misses you.
Fire: y) +2 arbalest
Press: ? - help, Q - select action, (/) - cycle Shift-Dir - straight line, f/p - killer bee
Aim: a killer bee (silenced, 52% to hit)
You shoot a bolt. The bolt hits the killer bee!
The killer bee is heavily wounded.
The killer bee barely misses you. You block the killer bee's attack.
The killer bee completely misses you.
Fire: y) +2 arbalest
Press: ? - help, Q - select action, (/) - cycle Shift-Dir - straight line, f/p - killer bee
Aim: a killer bee (silenced, heavily wounded, 52% to hit)
You shoot a bolt. The bolt misses the killer bee.
A killer bee comes into view.
The killer bee stings you but does no damage.
The killer bee stings you.
* * * LOW HITPOINT WARNING * * *
Fire: y) +2 arbalest
Press: ? - help, Q - select action, (/) - cycle Shift-Dir - straight line, f/p - killer bee
Aim: a killer bee (silenced, heavily wounded, 52% to hit)
You shoot a bolt. The bolt closely misses the killer bee.
You feel like a meek peon again. The killer bee stings you.
You die...

....#,,,,,,,****,♣.,*..~~~~******
...>+{,,,,,,**,,*♣)♣*.♣.~~**,,*,,
....#,,,,,***,♣*♣♣..♣.y,,***,***,
....#*,,,{* *♣♣.♣.♣...*,**{,*,*,*
....#####+#♣*♣.......♣,*******,**
....#......♣*,*♣...♣.♣*{**{,*,*,*
....†.....♣♣*,***♣♣y.♣,~~***,***,
....#......♣♣♣♣♣♣♣o♣...♣~~**,,*,,
....#.....♣♣♣.♣♣@y♣{..♣.♣~,******
#####.....♣♣♣...♣♣...♣.♣..~~*,,,*
...........♣♣..♣♣{♣y.....♣.~~~*,,
.........†....♣....♣....♣.,~~,,,,
................♣...♣..♣.*,,**,,*
.............#....♣♣*..♣,,,**,*,*
.............#....♣♣y...*,,******
#####........#.......y..,,,,,,,,,
#........#....##*###****,,,**


You could see 3 killer bees and an orc.

Vanquished Creatures
  A steam dragon (D:7)
  A water moccasin (Sewer)
  3 sky beasts
  2 orc warriors (D:6)
  A black bear (D:7)
  An ogre (D:5)
  A centaur (D:8)
  2 phantoms (D:5)
  3 kobold brigands
  3 bullfrogs
  A gnoll sergeant (D:7)
  3 scorpions
  A necrophage (D:5)
  12 killer bees
  6 hounds
  2 jellies
  4 orc priests
  An iguana (D:4)
  Natasha (thrice) (D:2)
  10 orc wizards
  3 adders
  7 gnolls
  A white imp (D:6)
  An ufetubus (D:6)
  2 worms
  5 dart slugs
  21 orcs
  3 bats
  5 endoplasms
  2 giant cockroaches
  7 goblins
  7 hobgoblins
  9 jackals
  3 quokkas
  7 ball pythons
  3 frilled lizards
  25 kobolds
  6 rats
178 creatures vanquished.

Vanquished Creatures (others)
  3 plants (D:4)
3 creatures vanquished.

Grand Total: 181 creatures vanquished

Notes
Turn   | Place    | Note
-------+----------+-------------------------------------------
     0 | D:1      | CrazyBamboolord the Formicid Hunter began the quest for the
                  | Orb.
     0 | D:1      | Reached XP level 1. HP: 16/16 MP: 1/1
   114 | D:1      | Found a faded altar of an unknown god.
   163 | D:1      | Reached XP level 2. HP: 22/22 MP: 2/2
   223 | D:1      | Reached XP level 3. HP: 27/27 MP: 3/3
   678 | D:2      | Noticed Natasha
   688 | D:2      | Killed Natasha
   689 | D:2      | Reached skill level 5 in Ranged Weapons
   689 | D:2      | Reached XP level 4. HP: 21/34 MP: 4/4
   916 | D:2      | Noticed Natasha
   921 | D:2      | Killed Natasha
  1190 | D:2      | Reached skill level 1 in Shields
  1754 | D:2      | Noticed Natasha
  1761 | D:2      | Killed Natasha
  1762 | D:2      | Reached XP level 5. HP: 28/39 MP: 5/5
  2285 | D:3      | Reached skill level 6 in Ranged Weapons
  2377 | D:4      | Reached XP level 6. HP: 24/46 MP: 6/6
  2499 | D:4      | Found a glowing drain.
  2521 | Sewer    | Entered a sewer
  2602 | Sewer    | Noticed a water moccasin
  2613 | Sewer    | Killed a water moccasin
  2900 | D:4      | Found a staircase to the Ecumenical Temple.
  2934 | D:4      | Found an iron altar of Okawaru.
  2955 | Temple   | Entered the Ecumenical Temple
  3048 | D:4      | Became a worshipper of Warmaster Okawaru
  3148 | D:4      | Reached XP level 7. HP: 49/52 MP: 7/7
  3294 | D:4      | Reached skill level 1 in Armour
  3307 | D:4      | Reached skill level 7 in Ranged Weapons
  3667 | D:5      | Entered Level 5 of the Dungeon
  4053 | D:5      | Found a radiant altar of Vehumet.
  4067 | D:5      | Found an ancient bone altar of Kikubaaqudgha.
  4073 | D:5      | Reached XP level 8. HP: 60/60 MP: 8/8
  4076 | D:5      | Found a shimmering blue altar of Sif Muna.
  4080 | D:5      | Reached * piety under Okawaru
  4110 | D:5      | Reached skill level 8 in Ranged Weapons
  4930 | D:6      | Reached skill level 1 in Invocations
  5231 | D:6      | Reached ** piety under Okawaru
  5232 | D:6      | Reached skill level 9 in Ranged Weapons
  5331 | D:6      | Reached XP level 9. HP: 66/66 MP: 10/10
  6321 | D:6      | Reached skill level 5 in Fighting
  6635 | D:7      | Found a blossoming altar of Fedhas.
  6649 | D:7      | Reached skill level 10 in Ranged Weapons
  6870 | D:7      | Reached *** piety under Okawaru
  7110 | D:7      | Found a hazy altar of Hepliaklqana.
  7113 | D:7      | Found a glowing golden altar of the Shining One.
  7277 | D:7      | HP: 3/68 [killer bee (7)]
  7672 | D:8      | Reached XP level 10. HP: 74/74 MP: 12/12
  7894 | D:8      | HP: 3/74 [poisoned by a killer bee]
  7896 | D:8      | Reached skill level 11 in Ranged Weapons
  7897 | D:8      | HP: 1/74 [poisoned by a killer bee]
  7905 | D:8      | HP: 2/74 [killer bee (1)]
  7906 | D:8      | Slain by a killer bee

Illustrated notes

Levels and vault maps discovered:
D:1:      kennysheep_arrival_seaside, layout_rooms,
          dreamdust_ecumenical_altar_angels_and_demons,
          hangedman_decor_slide_cut, chequers_arboretum,
          corexii_leaking_fountain
D:2:      layout_basic, uniq_natasha
D:3:      layout_rooms
D:4:      layout_basic, mainiacjoe_overflow_alcove_4,
          minmay_temple_entry_gardened_gates, cheibrodos_sewer_entry_bend,
          minmay_misc_feat_room, kennysheep_generic_room_8
D:5:      layout_basic, palyth_temple_overflow_mages
D:6:      layout_basic, chequers_hall_statues_corner_a
D:7:      layout_rooms, kennysheep_mini, lemuel_tele_altar, fedhas_altar_1
D:8:      wad_woods_minihive, layout_gridville, chequers_serial_rivers_small_a,
          uniq_psyche, uniq_prince_ribbit1
Temple:   nicolae_temple_ecumenical_triangle

Skill      XL: |  1  2  3  4  5  6  7  8  9 10 |
---------------+-------------------------------+-----
Ranged Weapons | 5 6 7 9 10 11 | 11.0
Dodging        | 2 3 4 |  4.7
Shields        | 1 2 3 4 |  4.6
Fighting       | 3 4 5 |  5.5
Armour         | 1 2 3 |  3.5
Invocations    | 1 2 3 |  3.7
Stealth        | |  1.5

Action                     |  1- 3 |  4- 6 |  7- 9 | 10-12 || total
---------------------------+-------+-------+-------+-------++-------
   Fire: Shortbow          |    76 |   167 |   210 |       ||   453
         Arbalest          |       |       |   164 |    58 ||   222
  Throw: Throwing net      |       |       |       |     1 ||     1
 Invoke: Heroism           |       |       |       |     1 ||     1
Ability: Dig               |     1 |       |       |       ||     1
  Evoke: Wand              |       |       |       |     2 ||     2
    Use: Scroll            |       |     9 |     6 |     5 ||    20
         Potion            |       |     1 |     8 |     4 ||    13
 Armour: Leather armour    |    17 |    29 |   108 |    33 ||   187
         Skin              |       |       |     6 |       ||     6
  Dodge: Dodged            |    14 |    60 |   206 |    69 ||   349
  Block: Buckler           |       |       |    47 |    42 ||    89

Table legend: (Time is in decaauts)
 A = Elapsed time spent in this place.
 B = Non-inter-level travel time spent in this place.
 C = Inter-level travel time spent in this place.
 D = Time resting spent in this place.
 E = Time spent auto-exploring this place.
 F = Levels seen in this place.
 G = Mean time per level.
                   A        B        C        D        E       F      G
               +--------+--------+--------+--------+--------+-----+--------+
         Total |   8120 |   7620 |    500 |   1098 |   5076 |  10 |  812.0 |
       Dungeon |   7859 |   7382 |    477 |   1098 |   4913 |   8 |  982.4 |
        Temple |     65 |     42 |     23 |      0 |     30 |   1 |   65.0 |
         Sewer |    195 |    195 |      0 |      0 |    133 |   1 |  195.0 |
               +--------+--------+--------+--------+--------+-----+--------+

Top non-repeatable levels by time:
     D:5: 1531 daAuts
     D:6: 1448 daAuts
     D:4: 1154 daAuts
     D:2: 1113 daAuts
     D:7: 868 daAuts
     D:1: 698 daAuts
     D:3: 529 daAuts
     D:8: 515 daAuts
   Sewer: 195 daAuts
  Temple: 65 daAuts
